 Dungeon Crawl Stone Soup version 0.25-a0-780-g622e69b31f (webtiles) character file.

Game seed: 10556757676468811932, levelgen mode: deterministic

131 kae the Cudgeler (level 4, 18/35 HPs)
             Began as a Demonspawn Gladiator on Apr 14, 2020.
             Quit the game on level 2 of the Dungeon.
             The game lasted 00:01:23 (1941 turns).

kae the Cudgeler (Demonspawn Gladiator)             Turns: 1941, Time: 00:01:23

Health: 18/35      AC:  4    Str: 16    XL:     4   Next: 91%
Magic:  4/4        EV: 12    Int:  9    God:
Gold:   79         SH:  0    Dex: 14    Spells: 3/3 levels left

rFire    . . .     SeeInvis .   a - +0 flail
rCold    . . .     Gourm    .   (no shield)
rNeg     . . .     Faith    .   b - +0 leather armour
rPois    .         Spirit   .   c - +0 helmet
rElec    .         Reflect  .   (no cloak)
rCorr    .         Harm     .   (no gloves)
MR       .....                  (no boots)
Stlth    ++........             (no amulet)
HPRegen  0.11/turn              (no ring)
MPRegen  0.09/turn              (no ring)

@: no status effects
A: demonic guardian 1, nightstalker 1
a: no special abilities


You were on level 2 of the Dungeon.
You were hungry.

You visited 1 branch of the dungeon, and saw 2 of its levels.

You collected 79 gold pieces.

Inventory:

Hand Weapons
 a - a +0 flail (weapon)
Missiles
 d - 5 throwing nets (quivered)
Armour
 b - a +0 leather armour (worn)
 c - a +0 helmet (worn)
Scrolls
 h - 4 scrolls of magic mapping {unknown}
 i - 2 scrolls of identify {unknown}
 n - a scroll of immolation {unknown}
 o - a scroll of amnesia {unknown}
Potions
 e - a potion of magic {unknown}
 g - a potion of might {unknown}
 j - a potion of flight {unknown}
 k - a potion of degeneration {unknown}
 l - a potion of brilliance {unknown}
 m - a potion of lignification
Comestibles
 f - 3 rations


   Skills:
 + Level 3.3 Fighting
 * Level 4.5 Maces & Flails
 - Level 1.7 Throwing
 - Level 2.6 Dodging


You had 3 spell levels left.
You didn't know any spells.
Your spell library was empty.

Dungeon Overview and Level Annotations

Branches:
Dungeon (2/15)

Altars:


Innate Abilities, Weirdness & Mutations

A weak demonic guardian rushes to your aid.
You are slightly more attuned to the shadows.


Message History

You hit the adder.
The adder is moderately wounded.
Your quasit barely misses the adder.
Your quasit misses the adder.
Your quasit barely misses the adder.
The adder bites you.
* * * LOW HITPOINT WARNING * * *
Your quasit closely misses the adder. x2; Your quasit barely misses the adder.
You sock the adder!
You kill the adder!
You feel sick.
You start resting.
Your quasit dies!
You start resting.
You feel sick.
You are no longer poisoned.
You start resting.
You are feeling hungry.
Okay, then.
Unknown command.
Unknown command.
Are you sure you want to abandon this character and quit the game? (Confirm with "yes".)

## .. .# ... .#
#######... .#######
#......... ...)...###
###.#%......
######...###...#.......
#####......##.@......
##.....#.##....)......
##..#####..#...........
.............###.......
....######.### .......#
........##.# ###....#
............ ..###
...####.>..# .# #..#
#.#..


There were no monsters in sight!

Vanquished Creatures
  A scorpion (D:2)
  3 adders (D:2)
  3 worms (D:2)
  3 leopard geckos
  2 giant cockroaches
  7 hobgoblins
  A quokka (D:2)
  10 bats
  A frilled lizard (D:1)
  8 goblins
  5 kobolds
  2 rats
46 creatures vanquished.

Vanquished Creatures (collateral kills)
  A bat (D:2)
1 creature vanquished.

Grand Total: 47 creatures vanquished

Notes
Turn   | Place    | Note
-------+----------+-------------------------------------------
     0 | D:1      | kae the Demonspawn Gladiator began the quest for the Orb.
     0 | D:1      | Reached XP level 1. HP: 16/16 MP: 1/1
   138 | D:1      | You fall into a shaft and drop 1 floor!
   165 | D:2      | Reached skill level 3 in Maces & Flails
   165 | D:2      | Gained mutation: A weak demonic guardian rushes to your
                  | aid. [demonic ancestry]
   165 | D:2      | Reached XP level 2. HP: 6/23 MP: 2/2
   464 | D:2      | Reached XP level 3. HP: 10/28 MP: 3/3
  1333 | D:2      | Reached skill level 4 in Maces & Flails
  1524 | D:2      | Gained mutation: You are slightly more attuned to the
                  | shadows. [demonic ancestry]
  1524 | D:2      | Reached XP level 4. HP: 14/34 MP: 4/4
  1941 | D:2      | Quit the game

Levels and vault maps discovered:
D:1:      ebering_hopf_link, layout_loops_ring
D:2:      layout_rooms, nicolae_ru_path_of_blood

Skill      XL: |  1  2  3  4 |
---------------+-------------+-----
Maces & Flails | 3 4 |  4.5
Fighting       | 3 |  3.3
Throwing       | |  1.7
Dodging        | |  2.6

Action                   |  1- 3 |  4- 6 || total
-------------------------+-------+-------++-------
Melee: Flail             |   136 |    18 ||   154
  Use: Potion            |     2 |       ||     2
 Stab: Sleeping          |     1 |       ||     1
  Eat: Chunk             |     1 |     2 ||     3
Armor: Leather armour    |    58 |     7 ||    65
       Skin              |    18 |       ||    18
Dodge: Dodged            |   113 |    19 ||   132

Table legend:
 A = Non-vault XP
 B = Vault XP
 C = Vault XP percentage of total XP
 D = Non-vault monster count
 E = Vault monster count
 F = Vault count percentage of total count
                 A         B        C        D         E       F
            +---------+---------+-------+---------+---------+-------
      Total |     188 |       0 |   0.0 |      47 |       0 |   0.0
            +---------+---------+-------+---------+---------+-------
        D:1 |      34 |       0 |   0.0 |      22 |       0 |   0.0
        D:2 |     154 |       0 |   0.0 |      25 |       0 |   0.0
            +---------+---------+-------+---------+---------+-------
